AoeStats
← Cattiva

Arena

509444293Analyzed
4v4 RM · 5d ago on Sep 26, 2026· 30m 26s· 8 players
Game mode
Random Map
Map size
Large (8 player)
Population
200
Speed
Normal
Resources
Standard
Victory
Conquest
Starting age
Dark Age
Ending age
Imperial Age
RankedLock teamsTeams togetherTeam positionsShared explorationLock speedFull tech treeHidden civsTurbo modeCheats
Victory
Defeat
🇩🇪 Dravidians · Germany
1353
+13
🇩🇪 Cumans · Germany
1337
+14
🇭🇰 Slavs · Hong Kong SAR China
1325
+14
🇹🇼 Hindustanis · Taiwan
1272
+17
🇲🇽 Poles · Mexico
1299
-15
🇨🇳 Franks · China
1299
-15
🇩🇪 Mongols · Germany
1280
-14
🇨🇳 Muisca · China
1269
-14
PkMn-
0:26 Loom
11:22 Feudal Age
13:15 Stone Mining
15:52 Castle Age
15:11 Scale Mail Armor
15:38 Horse Collar
26:09 Double-Bit Axe
27:13 Heavy Plow
28:22 Gold Mining
29:07 Stone Shaft Mining
31:09 Wheelbarrow
30:51 Chain Mail Armor
30:46 Forging
laofengzi
9:56 Feudal Age
13:50 Castle Age
20:09 Horse Collar
20:42 Double-Bit Axe
28:28 Wheelbarrow
jujuchoker
10:18 Feudal Age
14:47 Castle Age
12:34 Double-Bit Axe
12:31 Horse Collar
15:40 Heavy Plow
15:52 Bow Saw
23:19 Wheelbarrow
23:58 Gold Mining
23:59 Stone Mining
26:00 Stone Mining
26:47 Gold Shaft Mining
26:48 Hand Cart
26:20 Loom
27:24 Stone Shaft Mining
29:54 Imperial Age
27:32 Town Watch
29:27 Fletching
默默发育
10:33 Feudal Age
14:10 Castle Age
12:32 Double-Bit Axe
22:44 Scale Mail Armor
DrPiecemaker
9:49 Feudal Age
9:57 Man-at-Arms
10:49 Double-Bit Axe
11:11 Horse Collar
12:28 Scale Mail Armor
20:34 Castle Age
18:49 Forging
19:56 Gold Mining
20:16 Fletching
21:30 Bow Saw
22:00 Wheelbarrow
21:21 Bodkin Arrow
23:22 Padded Archer Armor
23:24 Husbandry
23:22 Loom
26:43 Hand Cart
30:56 Imperial Age
28:12 Town Watch
29:07 Stone Mining
30:23 Leather Archer Armor
30:51 Thumb Ring
Cattiva
10:50 Feudal Age
9:44 Loom
14:46 Castle Age
12:43 Double-Bit Axe
12:49 Horse Collar
15:52 Bow Saw
15:43 Heavy Plow
22:22 Wheelbarrow
22:33 Gold Mining
22:52 Stone Mining
24:13 Gold Shaft Mining
24:24 Hand Cart
28:31 Imperial Age
25:48 Town Watch
27:48 Scale Barding Armor
28:00 Forging
28:37 Forging
28:49 Chain Barding Armor
29:05 Bloodlines
28:55 Husbandry
28:34 Heavy Camel Rider
29:55 Iron Casting
29:44 Conscription
30:10 Plate Barding Armor
CircusMaximusFH
9:37 Feudal Age
10:18 Double-Bit Axe
11:17 Horse Collar
11:39 Loom
19:21 Wheelbarrow
24:24 Castle Age
23:13 Gold Mining
25:49 Bow Saw
26:28 Bloodlines
25:40 Light Cavalry
26:59 Hand Cart
31:32 Imperial Age
lebron
9:59 Feudal Age
13:59 Castle Age
14:28 Double-Bit Axe
14:42 Gold Mining
15:44 Bow Saw
15:25 Horse Collar
16:34 Man-at-Arms
17:30 Squires
19:10 Loom
20:29 Scale Mail Armor
20:11 Long Swordsman
26:38 Chain Mail Armor
28:05 Wheelbarrow
30:33 Heavy Plow
31:19 Gold Shaft Mining
Connection lost

Rejoining the realm…

Still unreachable

The connection could not be restored.

Session expired

The server has moved on; the page needs a fresh start.